 Dungeon Crawl Stone Soup version 0.18-a0-1774-gce1f7b6 (webtiles) character file.

2709 M4edhros the Martial Artist (level 9, -1/51 HPs)
             Began as an Octopode Necromancer on Apr 15, 2016.
             Was a Believer of Cheibriados.
             Slain by Joseph
             ... wielding a +0 quarterstaff
              (4 damage)
             ... on level 8 of the Dungeon.
             The game lasted 00:43:35 (3946 turns).

M4edhros the Martial Artist (Octopode Necromancer)  Turns: 3946, Time: 00:43:36

Health: -1/51      AC: 12    Str: 12 (13) XL:     9   Next: 66%
Magic:  12/12      EV: 13    Int: 22      God:    Cheibriados [**....]
Gold:   120        SH: 10    Dex: 18 (19) Spells: 3 memorised, 5 levels left

rFire  . . .     SeeInvis .     y - +2 trident (protect)
rCold  . . .     Gourm    .     A - +0 shield
rNeg   . . .     Faith    .     (helmet restricted)
rPois  .         Spirit   .     f - amulet of regeneration
rElec  .         Dismiss  .     (no ring)
rCorr  .         Reflect  .     (no ring)
SustAt .         Harm     .     (no ring)
MR     .....                    (no ring)
Stlth  ++++......               (no ring)
                                (no ring)
                                (no ring)
                                (no ring)

@: very slow, not resistant to hostile enchantments, stealthy
A: almost no armour, amphibious, 8 rings, constrict 8, iridescent scales 1,
large bone plates 1, camouflage 1, blurry vision 1, deterioration 1, strong 1,
gelatinous body 1
a: Bend Time, Renounce Religion


You were on level 8 of the Dungeon.
You worshipped Cheibriados.
Cheibriados was pleased with you.
You were not hungry.

You visited 2 branches of the dungeon, and saw 9 of its levels.

You collected 328 gold pieces.
You spent 208 gold pieces at shops.

Inventory:

Hand Weapons
 d - a +1 hunting sling of flaming
 i - a +1 dagger of draining
 r - a +2 hunting sling of flaming
 x - a +0 shortbow
 y - a +2 trident of protection (weapon)
Missiles
 c - 37 poisoned needles
 e - 88 stones (quivered)
 j - 37 sling bullets
 l - 12 poisoned arrows
 D - a throwing net
Armour
 A - a +0 shield (worn)
Jewellery
 f - an amulet of regeneration (around mantle)
Wands
 m - a wand of polymorph (4/24)
 u - a wand of flame (5/48)
Scrolls
 h - 2 scrolls of magic mapping
 n - a scroll of remove curse
 t - a scroll of noise
 v - 2 scrolls of amnesia
 w - a scroll of blinking
Potions
 k - a potion of resistance
 p - a potion of might
 q - a potion of agility
 s - a potion of flight
 z - a potion of invisibility
 G - a potion of heal wounds {unknown}
Books
 a - a book of Necromancy

   Spells                             Type                      Level
   a - Pain                           Necromancy                   1
   b - Animate Skeleton               Necromancy                   1
   c - Vampiric Draining              Necromancy                   3
   d - Regeneration                   Charms/Necromancy            3
   e - Animate Dead                   Necromancy                   4
   f - Control Undead                 Necromancy                   4
Comestibles
 b - 5 bread rations
 g - 2 slices of pizza
 o - 3 meat rations
 B - 2 fruits
 C - 2 chunks of flesh
 E - 6 beef jerkies


   Skills:
 + Level 1.9 Polearms
 + Level 6.6 Slings
 - Level 5.2 Dodging
 - Level 2.6 Stealth
 * Level 2.5 Shields
 - Level 9.1 Unarmed Combat
 - Level 2.0 Spellcasting
 - Level 4.0 Necromancy


You had 5 spell levels left.
You knew the following spells:

 Your Spells              Type           Power        Failure   Level  Hunger
a - Pain                  Necr           ###.         14%         1    #......
b - Regeneration          Chrm/Necr      ##........   85%         3    ###....
c - Vampiric Draining     Necr           ###.......   38%         3    ###....


Dungeon Overview and Level Annotations

Branches:
Dungeon (8/15)             Temple (1/1) D:6
   Lair: D:8-11

Altars:
Ashenzari
Cheibriados
Elyvilon
Gozag
Kikubaaqudgha
Makhleb
Nemelex Xobeh
Okawaru
Pakellas
Qazlal
Ru
Trog
Vehumet
Zin
Lugonu

Shops:
D:7 !

Annotations:
D:4 Edmund; Sl000nik's ghost, amateur GrFi
D:8 Joseph


Innate Abilities, Weirdness & Mutations

You cannot wear most types of armour.
You are amphibious.
You can wear up to eight rings at the same time.
You can use your tentacles to constrict eight enemies at once.
Your skin changes colour to match your surroundings (Stealth).
Your rubbery body absorbs attacks (AC +1).
You are partially covered in iridescent scales (AC +4).
You are partially covered in large bone plates (AC +2, SH +2).
Scrolls take you a little longer to read.
Your body sometimes deteriorates upon taking damage.
Your muscles are strong. (Str +2)


Message History

* * * LOW HITPOINT WARNING * * *
Evoke which item? (* to show all) (? for menu, Esc to quit)
Okay, then.
You hit Joseph. You squeeze Joseph, but do no damage.
Joseph is severely wounded.
You constrict Joseph.
Joseph hits you with an uncursed quarterstaff!
* * * LOW HITPOINT WARNING * * *
Drink which item? (? for menu, Esc to quit)
Okay, then.
Evoke which item? (* to show all) (? for menu, Esc to quit)
Okay, then.
You barely miss Joseph.
Joseph is severely wounded.
You constrict Joseph! You block Joseph's attack.
You hit Joseph but do no damage. You squeeze Joseph, but do no damage.
Joseph is almost dead.
You constrict Joseph. You block Joseph's attack.
Joseph hits you with an uncursed quarterstaff.
You die...

#.# #.#.# #.#.# #.#.#
#####.#.## #(....(..#
#....$.@.# #......@.#
####+.+(## ####..<.#
######.......#
.........>...#
#........#.#
#........#.#######
#.....>..#.#.....#
#........#.#.###.#####


You could see Joseph.

Vanquished Creatures
  Sigmund (D:6)
  A hog (D:8)
  A hippogriff (D:7)
  Menkaure (D:6)
  A sky beast (D:7)
  2 necrophages (D:7)
  2 ogres
  4 centaurs
  3 giant frogs
  3 scorpions
  A killer bee (D:7)
  4 howler monkeys
  2 wights (D:7)
  3 jellies
  A centaur zombie (D:7)
  3 crimson imps
  2 giant frog zombies
  3 hounds
  A giant frog skeleton (D:5)
  2 orc wizards
  An iguana (D:7)
  4 worker ants
  2 mummies (D:7)
  A worker ant zombie (D:7)
  7 adders
  3 gnolls (D:8)
  A shadow imp (D:6)
  2 worms
  A dart slug (D:2)
  3 giant geckos
  14 orcs
  7 giant cockroaches
  4 goblins
  4 hobgoblins
  12 jackals
  2 quokkas
  2 ball pythons
  3 bats
  A giant gecko skeleton (D:6)
  A giant gecko zombie (D:7)
  A giant newt (D:1)
  3 kobolds
  A rat (D:1)
121 creatures vanquished.

Notes
Turn   | Place    | Note
--------------------------------------------------------------
     0 | D:1      | M4edhros the Octopode Necromancer began the quest for the Orb.
     0 | D:1      | Reached XP level 1. HP: 11/11 MP: 3/3
   111 | D:1      | Reached skill level 1 in Unarmed Combat
   469 | D:1      | Reached XP level 2. HP: 17/17 MP: 3/5
   591 | D:1      | Reached skill level 1 in Slings
   615 | D:1      | Reached skill level 2 in Unarmed Combat
   661 | D:1      | Reached XP level 3. HP: 21/21 MP: 3/6
   666 | D:1      | Learned a level 3 spell: Regeneration
   691 | D:2      | Found a sacrificial altar of Ru.
   801 | D:2      | Reached XP level 4. HP: 25/27 MP: 2/7
   888 | D:4      | Noticed Edmund
   978 | D:3      | Found a shattered altar of Ashenzari.
   995 | D:3      | Reached skill level 3 in Unarmed Combat
  1137 | D:4      | Reached XP level 5. HP: 31/31 MP: 8/8
  1199 | D:4      | Noticed Sl000nik's ghost (amateur GrFi)
  1245 | D:5      | Entered Level 5 of the Dungeon
  1245 | D:5      | Noticed a centaur
  1260 | D:5      | Killed a centaur
  1260 | D:5      | Reached skill level 4 in Unarmed Combat
  1280 | D:5      | Reached XP level 6. HP: 36/36 MP: 9/9
  1354 | D:5      | Reached skill level 5 in Unarmed Combat
  1372 | D:5      | Found a burning altar of Makhleb.
  1608 | D:5      | Reached XP level 7. HP: 19/41 MP: 8/10
  1969 | D:5      | Gained mutation: You evolve. [potion of beneficial mutation]
  1979 | D:5      | Reached skill level 6 in Unarmed Combat
  2086 | D:6      | Found an iron altar of Okawaru.
  2209 | D:5      | Found a radiant altar of Vehumet.
  2400 | D:6      | HP: 2/41 [centaur (7)]
  2441 | D:6      | Noticed Menkaure
  2454 | D:6      | Killed Menkaure
  2454 | D:6      | Reached XP level 8. HP: 46/46 MP: 3/11
  2458 | D:6      | Gained mutation: Scrolls take you a little longer to read. [evolution]
  2509 | D:6      | Reached skill level 7 in Unarmed Combat
  2551 | D:6      | Found a staircase to the Ecumenical Temple.
  2585 | Temple   | Entered the Ecumenical Temple
  2600 | Temple   | Became a worshipper of Cheibriados the Contemplative
  2669 | D:7      | Found Joqokaj's Distillery.
  2677 | D:7      | Bought a potion of might for 52 gold pieces
  2677 | D:7      | Bought a potion of agility for 52 gold pieces
  2677 | D:7      | Bought a potion of invisibility for 104 gold pieces
  2680 | D:7      | Reached skill level 5 in Slings
  2692 | D:7      | Found a radiant altar of Vehumet.
  2856 | D:7      | Found a bloodstained altar of Trog.
  2928 | D:7      | Reached skill level 8 in Unarmed Combat
  2966 | D:7      | Found an opulent altar of Gozag.
  2988 | D:7      | Gained mutation: Your body sometimes deteriorates upon taking damage. [evolution]
  2988 | D:7      | Lost mutation: You evolve. [end of evolution]
  3029 | D:7      | Reached XP level 9. HP: 40/50 MP: 5/12
  3049 | D:7      | Reached * piety under Cheibriados
  3144 | D:7      | Gained mutation: Your muscles are strong. (Str +2) [mutagenic meat]
  3146 | D:7      | Gained mutation: You are partially covered in iridescent scales (AC +4). [mutagenic meat]
  3192 | D:7      | Learned a level 3 spell: Vampiric Draining
  3334 | D:6      | Reached skill level 5 in Dodging
  3395 | D:6      | Noticed Sigmund
  3406 | D:6      | Killed Sigmund
  3406 | D:6      | Reached skill level 9 in Unarmed Combat
  3593 | D:7      | Reached skill level 1 in Shields
  3664 | D:7      | Reached skill level 1 in Polearms
  3760 | D:8      | Reached ** piety under Cheibriados
  3771 | D:8      | Gained mutation: You are partially covered in large bone plates (AC +2, SH +2). [mutagenic meat]
  3831 | D:8      | Found a white marble altar of Elyvilon.
  3932 | D:8      | Noticed Joseph
  3944 | D:8      | HP: 1/51 [Joseph/uncursed quarterstaff (11)]
  3946 | D:8      | Slain by Joseph

Vault maps used:
D:1:      co_arrival_random_square_maze, hangedman_abyss_or_decor_stabs
D:2:      nicolae_ru_great_annihilating_truth, minmay_item_behind_shaft
D:3:      evilmike_ruin_ashenzari
D:4:      fedhas_altar_3, uniq_edmund
D:5:      lemuel_crystal_altar, first_bread, minmay_misc_feat_encased,
          vehumet_altar_wand_db
D:6:      nicolae_overflow_crystal_walls, minmay_temple_entry_statues,
          uniq_menkaure, uniq_sigmund
D:7:      grunt_gozag_statues, lightli_temple_of_fire, kennysheep_mini_moat,
          serial_shops, nicolae_shop_crystal, serial_undead, serial_undead_b,
          serial_undead_a, serial_undead_d, serial_undead_d, grunt_ogre_cave
D:8:      kennysheep_ying_yang, nicolae_tso_swordbearing_angel, uniq_joseph
Temple:   corrupted_temple

Skill      XL: |  1  2  3  4  5  6  7  8  9 |
---------------+----------------------------+-----
Unarmed Combat | 1 2 3 4 5 6 8 9 |  9.1
Slings         | 1 2 3 4 5 6 |  6.6
Dodging        | 3 4 5 |  5.2
Shields        | 2 |  2.5
Polearms       | 1 |  1.9
Stealth        | |  2.6
Spellcasting   | |  2.0
Necromancy     | |  4.0

Action                   |  1- 3 |  4- 6 |  7- 9 || total
-------------------------+-------+-------+-------++-------
Melee: Unarmed           |    13 |    55 |   158 ||   226
       Constrict         |     3 |     7 |    40 ||    50
       Tentacles         |     3 |     3 |    57 ||    63
       Punch             |       |     1 |    12 ||    13
       Dagger            |       |     1 |       ||     1
       Trident           |       |       |    53 ||    53
 Fire: Hunting sling     |    33 |    10 |    78 ||   121
       Shortbow          |       |       |     4 ||     4
 Cast: Pain              |    26 |    37 |    14 ||    77
       Regeneration      |       |     2 |    26 ||    28
Evoke: Wand              |       |       |     7 ||     7
  Use: Potion            |     1 |     4 |     4 ||     9
       Scroll            |       |       |     9 ||     9
 Stab: Sleeping          |     1 |       |     5 ||     6
  Eat: Chunk             |     1 |     3 |    14 ||    18
       Royal jelly       |       |       |     1 ||     1
Armor: Skin              |     4 |    14 |    21 ||    39
Dodge: Dodged            |    18 |    28 |   115 ||   161
Block: Shield            |       |       |    21 ||    21
